AoeStats
← [taberna] carlos3g

Yucatan

513527864Analyzed
3v3 RM · 5d ago on Oct 14, 2026· 46m 18s· 6 players
Game mode
Random Map
Map size
Normal (6 player)
Population
200
Speed
Normal
Resources
Standard
Victory
Conquest
Starting age
Dark Age
Ending age
Imperial Age
RankedLock teamsTeams togetherTeam positionsShared explorationLock speedFull tech treeHidden civsTurbo modeCheats
Victory
Defeat
🇧🇷 Gurjaras · Brazil
782
+16
🇧🇷 Vietnamese · Brazil
752
+17
🇧🇷 Italians · Brazil
728
+19
vs
🇨🇴 Persians · Colombia
793
-18
🇺🇸 Goths · United States
782
-17
🇧🇷 Poles · Brazil
778
-17
Lothar
0:49 Loom
14:05 Feudal Age
15:39 Fishing Lines
16:23 Double-Bit Axe
19:49 Castle Age
20:43 Wheelbarrow
22:54 Bow Saw
23:12 Stone Mining
23:30 Horse Collar
24:23 Hand Cart
25:22 Town Watch
26:00 Gold Mining
27:18 Pikeman
PedroTheGreat46
6:52 Loom
12:53 Feudal Age
14:41 Double-Bit Axe
14:57 Man-at-Arms
15:53 Forging
19:57 Castle Age
18:42 Scale Mail Armor
20:03 Horse Collar
20:15 Gold Mining
20:42 Squires
20:03 Long Swordsman
20:56 Heavy Plow
21:09 Bow Saw
21:45 Long Swordsman
22:49 Chain Mail Armor
25:19 Stone Mining
INK | jimmbar
12:57 Feudal Age
13:28 Double-Bit Axe
18:41 Forging
20:08 Scale Barding Armor
19:54 Horse Collar
25:38 Castle Age
24:19 Fletching
24:54 Padded Archer Armor
26:34 Bow Saw
30:03 Iron Casting
29:45 Elite Skirmisher
33:51 Bodkin Arrow
35:38 Town Watch
40:33 Town Patrol
41:02 Husbandry
43:13 Wheelbarrow
44:46 Leather Archer Armor
48:22 Imperial Age
segfault
5:29 Loom
12:06 Feudal Age
24:11 Castle Age
22:49 Wheelbarrow
25:47 Stone Mining
27:12 Horse Collar
27:27 Gold Mining
31:58 Hand Cart
31:36 Double-Bit Axe
38:34 Imperial Age
37:42 Stone Shaft Mining
40:22 Conscription
39:58 Treadmill Crane
40:40 Ballistics
41:20 Chemistry
40:18 Murder Holes
41:24 Bow Saw
41:09 Man-at-Arms
42:20 Town Watch
45:04 Two-Man Saw
43:52 Long Swordsman
TheuzzLivee
13:10 Feudal Age
18:05 Castle Age
18:07 Scale Barding Armor
19:15 Forging
23:52 Fletching
33:32 Imperial Age
40:17 Iron Casting
44:50 Double-Bit Axe
44:42 Heavy Camel Rider
[taberna] carlos3g
9:48 Loom
13:20 Feudal Age
14:21 Double-Bit Axe
14:19 Horse Collar
18:25 Town Watch
23:11 Castle Age
24:45 Town Patrol
25:22 Bow Saw
25:05 Gold Mining
25:05 Stone Mining
25:22 Fletching
25:33 Padded Archer Armor
26:47 Wheelbarrow
31:59 Scale Mail Armor
33:20 Forging
37:07 Ballistics
39:22 Imperial Age
36:29 Pikeman
43:31 Chain Mail Armor
Connection lost

Rejoining the realm…

Still unreachable

The connection could not be restored.

Session expired

The server has moved on; the page needs a fresh start.